 Dungeon Crawl Stone Soup version 0.28.0-45-g0d030f2227 (webtiles) character file.

Game seed: 952633359767138466

3588 nickcage the Arsonist (level 9, -2/45 HPs)
             Began as a Deep Elf Fire Elementalist on Apr 4, 2022.
             Slain by an orc warrior
             ... wielding a +0 scimitar
              (13 damage)
             ... on level 8 of the Dungeon.
             The game lasted 00:20:59 (10206 turns).

nickcage the Arsonist (Deep Elf Fire Elementalist) Turns: 10206, Time: 00:21:00

Health: -2/45      AC:  6    Str:  5    XL:     9   Next: 85%
Magic:  6/25       EV: 12    Int: 31    God:
Gold:   504        SH:  0    Dex: 15    Spells: 11/28 levels left

rFire   + . .      SeeInvis .   o - staff of fire
rCold   . . .      Faith    .   (no shield)
rNeg    . . .      Spirit   .   a - +1 robe
rPois   .          Reflect  .   (no helmet)
rElec   .          Harm     .   (no cloak)
rCorr   .          Rampage  .   (no gloves)
Will    .....                   i - +2 pair of boots {Stlth+}
Stlth   +++.......              (no amulet)
HPRegen 0.15/turn               h - +6 ring of intelligence
MPRegen 0.19/turn               e - ring of wizardry

@: no status effects
A: no striking features
a: no special abilities


You were on level 8 of the Dungeon.
You visited 1 branch of the dungeon, and saw 8 of its levels.

You collected 504 gold pieces.

Inventory:

Hand Weapons
 c - a +0 club
 f - a +1 dagger
Armour
 a - a +1 robe (worn)
 i - a +2 pair of boots of stealth (worn)
Magical Staves
 o - a staff of fire (weapon)
Jewellery
 b - a ring of protection from fire
 e - a ring of wizardry (right hand)
 h - a +6 ring of intelligence (left hand)
 v - a ring of see invisible
 w - a ring of magical power
Wands
 q - a wand of iceblast (10)
Scrolls
 d - 2 scrolls of noise
 g - 8 scrolls of enchant weapon
 j - 3 scrolls of teleportation
 u - a scroll of fear
 x - a scroll of magic mapping
Potions
 k - a potion of ambrosia {unknown}
 l - 2 potions of flight {unknown}
 m - a potion of attraction
 n - 2 potions of might {unknown}
 p - a potion of mutation
 r - a potion of magic {unknown}
 s - 3 potions of degeneration
 t - 3 potions of curing {unknown}


   Skills:
 - Level 2.4 Dodging
 - Level 2.4 Stealth
 - Level 10.2 Spellcasting
 * Level 7.3 Conjurations
 * Level 1.9 Translocations
 - Level 11.2 Fire Magic


You had 11 spell levels left.
You knew the following spells:

 Your Spells              Type           Power      Damage    Failure   Level
a - Foxfire               Conj/Fire      100%       2x1d9     1%          1
b - Scorch                Fire           100%       2d10      1%          2
c - Flame Wave            Conj/Fire      84%        2d15      1%          4
d - Iskenderun's Mystic   Conj/Tloc      44%        2d10      1%          4
e - Starburst             Conj/Fire      42%        6d12      4%          6

Your spell library contained the following spells:

 Spells                   Type           Power      Damage    Failure   Level
 Beastly Appendage        Tmut           30%        N/A       1%          1
 Wereblood                Tmut           15%        N/A       1%          2
 Conjure Flame            Conj/Fire      84%        6-21      1%          3
 Dazzling Flash           Conj/Hex       76%        N/A       1%          3
 Inner Flame              Hex/Fire       66%        N/A       1%          3
 Spider Form              Tmut/Pois      15%        N/A       4%          3
 Animate Dead             Necr           7%         N/A       13%         4
 Haunt                    Necr/Summ      7%         N/A       100%        7
 Infestation              Necr           7%         N/A       100%        8


Dungeon Overview and Level Annotations

Branches:
Dungeon (8/15)             Temple (0/1) D:5
   Lair: D:8-11

Altars:
Cheibriados
Xom
The Shining One

Shops:
D:4 (

Annotations:
D:8 1 runed translucent door, WaxSun's ghost, journeyman FoCK


Message History

The orc warrior hits you with a +0 battleaxe.
* * * LOW HITPOINT WARNING * * *
A wave of flame ripples out!
The flame wave engulfs the orc warrior!
You kill the orc warrior!
The flame wave engulfs the orc!
You kill the orc!
The flame wave engulfs the orc warrior!
The orc warrior is almost dead.
The flame wave engulfs the orc priest!!
You kill the orc priest!
The flame wave engulfs the orc warrior!!
The orc warrior is severely wounded.
The flame wave engulfs the orc!
You kill the orc!
The flame wave engulfs the orc!!
You kill the orc!
You feel a bit more experienced.
The flame wave engulfs the orc!!
You kill the orc!
You feel a bit more experienced.
You finish channelling waves of flame.
An orc warrior comes into view. It is wielding a +0 scimitar.
Your Translocations skill increases to level 1!
Casting: Flame Wave (safe; 1% risk of failure)
Confirm with . or Enter, or press ? or * to list all spells.
Casting: Flame Wave (safe; 1% risk of failure)
Press: ? - help, Dir - look around, f - activate Look: an orc warrior, wielding a +0 flail and wearing a +0 chain mail (almost dead)
You feel a surge of power!
A wave of flame ripples out!
The flame wave engulfs the orc warrior!
You kill the orc warrior! (Press . to intensify the flame waves.)
A wave of flame ripples out!
The flame wave engulfs the orc warrior but does no damage.
The orc warrior is severely wounded.
The flame wave engulfs the orc!
You kill the orc!
The flame wave engulfs the orc warrior.
The orc warrior is severely wounded.
You feel a bit more experienced.
The orc warrior hits you with a +0 scimitar!
You die...

#...........<..######
#.......########
#.......# #.......#
########## ######'##
#......... #.#
#.######## ###.#
#.#)###### #...#
#.#<).)..) #@#.#
#.######## #o###
#.........


oo) ########## #$)o) #..... #.....# #.....# ####### You could see 2 orc warriors
and 2 orcs.

Vanquished Creatures
  Prince Ribbit (D:8)
  2 wyverns
  Edmund (D:6)
  A water moccasin (D:8)
  4 orc warriors
  A black bear (D:7)
  2 sky beasts
  5 ice beasts
  4 ogres
  A centaur (D:7)
  A phantom (D:6)
  2 kobold brigands (D:7)
  2 water moccasin zombies (D:5)
  A water moccasin skeleton (D:5)
  6 wights (D:7)
  3 howler monkeys
  A centaur zombie (D:6)
  2 jellies (D:7)
  A bullfrog zombie (D:5)
  A hound (D:5)
  2 orc priests (D:8)
  A bullfrog skeleton (D:6)
  3 iguanas
  An orc wizard (D:7)
  A scorpion zombie (D:5)
  A howler monkey zombie (D:5)
  A howler monkey skeleton (D:4)
  9 gnolls
  4 adders
  3 shadow imps
  A white imp (D:5)
  2 adder skeletons
  The ghost of gzilladon the Chopper, a weakling HOMo (D:4)
  2 dart slugs
  36 orcs
  5 bats
  2 endoplasms
  3 giant cockroaches
  4 hobgoblins
  2 jackals (D:4)
  12 kobolds
  5 quokkas
  9 ball pythons
  4 frilled lizards
  6 goblins
  3 rats
165 creatures vanquished.

Vanquished Creatures (others)
  16 foxfires (D:1)
  2 withered plants (D:4)
18 creatures vanquished.

Grand Total: 183 creatures vanquished

Notes
Turn   | Place    | Note
-------+----------+-------------------------------------------
     0 | D:1      | nickcage the Deep Elf Fire Elementalist began the quest for
                  | the Orb.
     0 | D:1      | Reached XP level 1. HP: 10/10 MP: 6/6
   148 | D:1      | Reached XP level 2. HP: 15/15 MP: 2/8
   151 | D:1      | Reached skill level 4 in Fire Magic
   154 | D:1      | Learned a level 2 spell: Scorch
   445 | D:1      | You fall into a shaft and drop 1 floor!
   940 | D:2      | Found a faded altar of an unknown god.
   991 | D:2      | Reached XP level 3. HP: 19/19 MP: 6/9
  1115 | D:2      | Found a shimmering altar of Xom.
  1414 | D:3      | Found a glowing golden altar of the Shining One.
  1452 | D:3      | Reached skill level 5 in Fire Magic
  2371 | D:3      | Found a shimmering altar of Xom.
  2538 | D:4      | Reached XP level 4. HP: 24/24 MP: 3/11
  2659 | D:4      | Found Xobang's Weapon Shop.
  2677 | D:4      | Noticed an ogre
  2685 | D:4      | Killed an ogre
  2686 | D:4      | Reached XP level 5. HP: 28/28 MP: 5/13
  3103 | D:4      | Reached skill level 6 in Fire Magic
  3353 | D:4      | Noticed gzilladon's ghost (weakling HOMo)
  3354 | D:4      | Found a runed translucent door.
  3373 | D:4      | Killed gzilladon's ghost
  3431 | D:5      | Entered Level 5 of the Dungeon
  3890 | D:5      | Found a staircase to the Ecumenical Temple.
  3952 | D:5      | Noticed an ogre
  3957 | D:5      | Killed an ogre
  3958 | D:5      | Reached XP level 6. HP: 32/32 MP: 7/14
  4233 | D:5      | Reached skill level 7 in Fire Magic
  4579 | D:5      | Reached XP level 7. HP: 36/36 MP: 6/15
  4775 | D:5      | Learned a level 4 spell: Flame Wave
  4780 | D:5      | Learned a level 4 spell: Iskenderun's Mystic Blast
  4817 | D:5      | Reached skill level 8 in Fire Magic
  5277 | D:6      | Reached skill level 9 in Fire Magic
  5539 | D:6      | Reached XP level 8. HP: 41/41 MP: 9/16
  5787 | D:6      | Noticed Edmund
  5802 | D:6      | Killed Edmund
  5803 | D:6      | Reached skill level 10 in Fire Magic
  6187 | D:6      | Reached skill level 5 in Conjurations
  6444 | D:6      | Reached skill level 11 in Fire Magic
  6617 | D:7      | Reached skill level 5 in Spellcasting
  7325 | D:7      | Reached XP level 9. HP: 45/45 MP: 10/19
  7540 | D:7      | Learned a level 6 spell: Starburst
  7888 | D:7      | HP: 2/45 [centaur/arrow (11)]
  9917 | D:8      | Noticed Prince Ribbit
  9923 | D:8      | Killed Prince Ribbit
  9924 | D:8      | Reached skill level 10 in Spellcasting
 10113 | D:8      | Found a snail-covered altar of Cheibriados.
 10146 | D:8      | Found a runed translucent door.
 10146 | D:8      | Found a shimmering altar of Xom.
 10146 | D:8      | Noticed WaxSun's ghost (journeyman FoCK)
 10147 | D:8      | Noticed a +1 trident of chaos
 10205 | D:8      | Reached skill level 1 in Translocations
 10206 | D:8      | Slain by an orc warrior

Illustrated notes

Levels and vault maps discovered:
D:1:      eino_arrival_water_cross, layout_rooms
D:2:      layout_basic, basic_altar, shapermc_ecumenical_altar_mp_ritualfount
D:3:      minmay_chambers_of_twos, layout_loops_ring,
          mainiacjoe_overflow_cross_hatched, tgw_xom
D:4:      layout_rooms, serial_shops, nicolae_shop_trees, gammafunk_ghost_grave,
          kennysheep_generic_room_16
D:5:      minmay_razor_zed, layout_layer_cave, minmay_temple_entry_from_below_a
D:6:      layout_loops_cross, minmay_misc_feat_rows, uniq_edmund
D:7:      layout_layer_cave, minmay_diced_spiral
D:8:      lemuel_ice_spiral_2, layout_basic, jmf_multi_god_temple,
          mainiacjoe_overflow_swirl, mainiacjoe_overflow_alcove_4,
          ebering_ghost_xom, special_room [special_room_orc],
          uniq_prince_ribbit1

Skill      XL: |  1  2  3  4  5  6  7  8  9 |
---------------+----------------------------+-----
Fire Magic     | 4 5 6 7 9 11 | 11.2
Spellcasting   | 4 5 10 | 10.2
Conjurations   | 2 3 4 5 7 |  7.3
Translocations | 1 |  1.9
Dodging        | |  2.4
Stealth        | |  2.4

Action                   |  1- 3 |  4- 6 |  7- 9 || total
-------------------------+-------+-------+-------++-------
Melee: Dagger            |     4 |       |       ||     4
       Staff             |       |       |     7 ||     7
 Cast: Foxfire           |    12 |       |       ||    12
       Scorch            |    45 |    55 |   150 ||   250
       Flame Wave        |       |       |     3 ||     3
       Starburst         |       |       |     2 ||     2
  Use: Scroll            |     1 |     8 |     3 ||    12
       Potion            |       |       |     2 ||     2
Armor: Robe              |     1 |     2 |    12 ||    15
Dodge: Dodged            |    14 |     7 |    41 ||    62
